Cogmind - Beta 16 @@@ ROGUE MODE // 2026.01.17 @ 22:40:57 Player: luckinvolved Result: Destroyed by G-47 Trooper with Particle Gun Performance ------------- Evolutions (0) 0 Regions Visited (1) 200 Robots Destroyed (3) 15 Value Destroyed (97) 97 Prototype IDs (0) 0 Alien Tech Used (0) 0 Bonus (0) 0 TOTAL SCORE: 312 Bonus ------- None Cogmind --------- Core Integrity 0/250 Matter 300/300 Energy 100/100 System Corruption 5% Temperature Cool (9) Movement Core (100) Ox1 Location -10/Materials Parts ------- > --- POWER (1) -------- (None) > --- PROPULSION (2) --- (None) > --- UTILITY (2) ------ Small Storage Unit > --- WEAPON (2) ------- (None) > --- INVENTORY (8) ---- (None) Peak State ------------ > --- POWER ------------ (None) > --- PROPULSION ------- Wheel Compact Wheel > --- UTILITY ---------- Small Storage Unit > --- WEAPON ----------- EM Pulse Gun Light Assault Rifle > --- INVENTORY -------- (None) [Rating: 5] Favorites ----------- Power None Propulsion Wheel Wheel Wheel Utility Small Storage Unit Storage Small Storage Unit Weapon Light Assault Rifle Energy Gun EM Pulse Gun Ballistic Gun Light Assault Rifle Launcher Grenade Launcher Build | -11 -10 ------- Run | Yrd Mat Slots Evolved . | . . Power . | . . Propulsion . | . . Utility . | . . Weapon . | . . Parts Attached 6 | 5 1 Power . | . . Engine . | . . Core . | . . Reactor . | . . Propulsion 2 | 2 . Treads . | . . Leg . | . . Wheel 2 | 2 . Hover . | . . Flight . | . . Utility 1 | 1 . Device . | . . Storage 1 | 1 . Processor . | . . Hackware . | . . Protection . | . . Artifact . | . . Weapon 3 | 2 1 Energy Gun 1 | 1 . Energy Cannon . | . . Ballistic Gun 1 | 1 . Ballistic Cannon . | . . Launcher 1 | . 1 Special Weapon . | . . Impact Weapon . | . . Slashing Weapon . | . . Piercing Weapon . | . . Special Melee Weapon . | . . Unidentified Prototypes . | . . Parts Lost 4 | . 4 Power . | . . Propulsion 2 | . 2 Utility . | . . Weapon 2 | . 2 Highest Loss Streak 3 | . 3 To Critical Strikes . | . . Average Backups . | . . Power . | . . Propulsion . | . . Utility . | . . Weapon . | . . Tool/Special . | . . Unused Backups . | . . Power . | . . Propulsion . | . . Utility . | . . Weapon . | . . Tool/Special . | . . Average Slot Usage (%) 62 | . 62 Wheel 25 | . 25 Storage 14 | . 14 Energy Gun 3 | . 3 Ballistic Gun 14 | . 14 Launcher 4 | . 4 Peak Build Rating 5 | 5 5 Average Rating 4 | 4 4 On Entrance 2 | . 5 Avg Prop Armor Cover (%) . | . . Naked Turns . | . . Heaviest Build 9 | 8 9 Greatest Support 26 | 26 26 Greatest Overweight (x) 1 | 1 1 Average Overweight (x) . | . . Largest Inventory Capacity 8 | 8 8 Average Capacity 7 | 7 8 Most Carried 2 | . 2 Average Carried . | . . Final Capacity 8 | 8 8 Final Carried . | . . Class Distribution -------------------- 100% | Mutant Dominant Class ---------------- Mutant | -10/Materials Resources | -11 -10 ----------- Run | Yrd Mat Matter Collected 253 | 253 . Remotely . | . . Salvage Created 155 | 123 32 Parts 7 | 5 2 Haulers Intercepted . | . . Recyclers Shooed . | . . Parts Field Recycled . | . . Retrieved Matter . | . . Parts Self-Destructed . | . . Prevented . | . . Parts Restored . | . . Kills | -11 -10 ------- Run | Yrd Mat Combat Hostiles Destroyed 1 | . 1 Guns 1 | . 1 Classes Destroyed 3 | 2 1 Tunneler 1 | 1 . Recycler 1 | 1 . Grunt 1 | . 1 Best Kill Streak 1 | 1 1 Combat Bots Only 1 | . 1 Max Kills in Single Turn 1 | 1 1 Gunslinging . | . . Exploded . | . . Melee . | . . Uniques/NPCs Destroyed . | . . Combat | -11 -10 -------- Run | Yrd Mat Hostile Shots Fired 49 | . 49 Missed 13 | . 13 Hits 36 | . 36 Projectile 36 | . 36 Damage Taken 619 | . 619 Core 264 | . 264 Absorbed by Shields . | . . Core Remaining (%) 100 | 100 . Volleys Fired 6 | 3 3 Largest 2 | 2 2 Hottest 60 | 60 50 Shots Fired 11 | 6 5 Gun 9 | 6 3 Cannon . | . . Launcher 2 | . 2 Special . | . . Kinetic 6 | 3 3 Thermal . | . . Explosive 2 | . 2 Electromagnetic 3 | 3 . Robot Hit Streak 5 | 2 5 Robot Miss Streak 2 | 1 2 Penetration Max . | . . Secondary Targets . | . . Shots Hit Robots 7 | 4 3 Core Hits 11 | 3 8 Critical Kills . | . . Critical Parts Destroyed . | . . Critical Strikes . | . . Melee Attacks . | . . Impact . | . . Slashing . | . . Piercing . | . . Sneak Attacks . | . . Combat Hostiles . | . . Follow-up Attacks . | . . Damage Inflicted 261 | 48 213 Guns 67 | 48 19 Cannons . | . . Explosions 155 | . 155 Melee . | . . Ramming 39 | . 39 Kinetic 42 | 23 19 Thermal 71 | . 71 Explosive 84 | . 84 Electromagnetic 25 | 25 . Impact . | . . Slashing . | . . Piercing . | . . Highest Corruption 5 | . 5 Average Corruption 4 | . 4 Corruption Purged . | . . Corruption Blocked . | . . Effects 2 | . 2 Message Errors 1 | . 1 Data Loss (minor) 1 | . 1 Overload Shots . | . . Overflow Damage 103 | . 103 Projectiles . | . . Explosions 103 | . 103 Melee . | . . Knockbacks . | . . Impact . | . . Kinetic . | . . Secondary . | . . Self-Inflicted Damage 120 | . 120 Shots 1 | . 1 Rammed 14 | . 14 Targets Rammed 14 | . 14 Kicked . | . . Crushed . | . . Highest Temperature 10 | 10 9 Average Temperature 7 | 7 7 Received Heat Transfer 273 | . 273 Siege Activations . | . . Martial Activations . | . . Shielding Activations . | . . Robots Disrupted . | . . Combat Hostiles . | . . Robots Corrupted . | . . Combat Hostiles . | . . Parts Fried . | . . Impact Corruptions . | . . Robots Melted . | . . Combat Hostiles . | . . Parts Melted . | . . Heat Transferred 50 | . 50 Parts Sabotaged . | . . Parts Stolen . | . . Parts Stripped . | . . Power Chain Reactions . | . . Alert | -11 -10 ------- Run | Yrd Mat Maximum Alert Level . | . . Low Security (%) 100 | 100 100 Level 1 . | . . Level 2 . | . . Level 3 . | . . Level 4 . | . . Level 5 . | . . High Security . | . . Max Security . | . . Peak Influence 101 | 5 101 Initial 3 | . 3 Average 13 | . 42 Influence Increases 131 | 10 121 Destroy 0b10 Robot/C 20 | . 20 Destroy 0b10 Robot/NC 10 | 10 . Disable Machine 75 | . 75 Destroy Structure 26 | . 26 Influence Decreases 90 | 5 85 Entered New Map 2 | . 2 Time Decay 48 | 5 43 Lost Part 40 | . 40 Squads Dispatched 4 | . 4 Investigation 2 | . 2 Extermination . | . . Reinforcement 2 | . 2 Assault . | . . Garrison . | . . Intercept . | . . Searches Triggered . | . . Construction Impeded . | . . Haulers Reinforced . | . . Active Scanning Responses . | . . Cargo Convoy Interrupts . | . . Stealth | -11 -10 --------- Run | Yrd Mat Distress Signals . | . . Communications Jammed . | . . Distress Signals . | . . Times Spotted 10 | . 10 Peak Tracking Total 7 | . 7 Tactical Retreats . | . . Traps | -11 -10 ------- Run | Yrd Mat Traps Triggered 2 | . 2 Indirectly . | . . Trap Hack Attempts . | . . Triggered . | . . Disarmed . | . . Reprogrammed . | . . Reused . | . . Traps Extracted . | . . Installed . | . . Triggered . | . . Machines | -11 -10 ---------- Run | Yrd Mat Machines Disabled 5 | . 5 Max in Single Turn 5 | . 5 Machines Repaired . | . . Machines Dismantled . | . . Machines Sabotaged . | . . Overloaded Fab Kills . | . . Hacking | -11 -10 --------- Run | Yrd Mat Machines Accessed . | . . Terminals . | . . Fabricators . | . . Repair Stations . | . . Recycling Units . | . . Scanalyzers . | . . Garrison Access . | . . Total Hacks . | . . Successful . | . . Failed . | . . Catastrophic . | . . Database Lockouts . | . . Manual . | . . Terminals . | . . Fabricators . | . . Repair Stations . | . . Recycling Units . | . . Scanalyzers . | . . Garrison Access . | . . Terminal Hacks . | . . Fabricator Hacks . | . . Repair Station Hacks . | . . Recycling Unit Hacks . | . . Scanalyzer . | . . Garrison Access Hacks . | . . Unauthorized Hacks . | . . Terminals . | . . Fabricators . | . . Repair Stations . | . . Recycling Units . | . . Scanalyzers . | . . Garrison Access . | . . Data Cores Recovered . | . . Used . | . . Hacking Detections . | . . Full Trace Events . | . . Feedback Events . | . . Feedback Blocked . | . . Robot Schematics Acquired . | . . Robots Built . | . . Authchips . | . . Time . | . . Total Robot Build Rating . | . . Part Schematics Acquired . | . . Parts Built . | . . Authchips . | . . Time . | . . Total Part Build Rating . | . . Part Studies Acquired . | . . Parts Repaired . | . . Time . | . . Parts Recycled . | . . Recycled Matter . | . . Retrieved Matter . | . . Retrieved Components . | . . Parts Scanalyzed . | . . Part Schematics Acquired . | . . Parts Damaged . | . . Bothacking | -11 -10 ------------ Run | Yrd Mat Used RIF Installer . | . . Robots Hacked . | . . Non-combat . | . . Combat . | . . Robot Hacks Applied . | . . Relay Couplers Released . | . . Fabnet Peak Effective % . | . . Robots Rewired . | . . Allies Hacked . | . . Hacks Repelled . | . . Allies | -11 -10 -------- Run | Yrd Mat Total Allies . | . . Largest Group . | . . Highest-Rated Group . | . . Highest-Rated Ally . | . . Total Orders . | . . Ally Attacks . | . . Total Damage . | . . Kills . | . . Allies Corrupted . | . . Allies Melted . | . . Intel | -11 -10 ------- Run | Yrd Mat Active Infowar (turns) . | . . Robot Analysis Total . | . . Derelict Logs Recovered . | . . Drone Launches . | . . Drone Recoveries . | . . Exploration | -11 -10 ------------- Run | Yrd Mat Turns Passed 388 | 267 121 Spaces Moved 163 | 68 95 Core 6 | 4 2 Treads . | . . Legs . | . . Wheels 157 | 64 93 Hover . | . . Flight . | . . Fastest Speed 50 | 50 90 Average Speed 89 | 89 90 Slowest Speed 100 | 100 100 Overloaded Moves . | . . Propulsion Burnouts . | . . Robots Hopped . | . . Potential Cave-ins . | . . Cave-ins Triggered . | . . Exploration Rate (%) 14 | 9 19 Regions Visited 1 Branch Regions . Pre-discovered Areas . | . . Known Exits Taken . | . . Unknown Exits Taken 1 | 1 . Scrap Searched . | . . Spaces Dug . | . . Terrain Destroyed 27 | . 27 Melee . | . . Projectile . | . . AOE 27 | . 27 Terrain Rammed 2 | . 2 Walls Destroyed . | . . Machines Disabled . | . . Actions | -11 -10 --------- Run | Yrd Mat Total 393 | 266 127 Wait 200 | 191 9 Move 162 | 67 95 Hop . | . . Pick Up 1 | . 1 Fast Attach 5 | 5 . Attach 1 | . 1 Detach 1 | . 1 Swap . | . . Drop 1 | . 1 Fire 6 | 3 3 Melee . | . . Ram 16 | . 16 Kick . | . . Crush . | . . Escape Stasis . | . . Rewire . | . . Trap . | . . Miscellaneous . | . . Route ------- -11/Scrapyard -10/Materials History --------- Turn | Location | Event 18 | -11/Scrapyard | Discovered new exit (range 16) 268 | -11/Scrapyard | Entered Materials 312 | -10/Materials | Build established: Mutant 378 | -10/Materials | Core integrity fell below 50% 387 | -10/Materials | Core integrity fell below 20% 389 | -10/Materials | Destroyed by G-47 Trooper with Particle Gun Last Messages --------------- 00360_ Destabilizing: Core damaged (-7). 00360_ Lgt. Assault Rifle broken. 00360_ Destabilizing: Short circuit. 00361_ Slammed into Integration Channel. 00361_ Destabilizing: System corrupted (+2). 00362_ System corrupted: Component data lost. [Achievement: I Have A Map?] 00364_ Dropped EM Pulse Gun. 00373_ Wheel destroyed. 00374_ Slammed into G-47 Trooper. 00374_ Destabilizing: System corrupted (+1). [Achievement: For Emergencies Only] 00375_ Slammed into G-47 Trooper. 00375_ Com. Wheel destroyed. 00376_ Slammed into G-47 Trooper. 00383_ Broken Lgt. Assault Rifle destroyed. 00384_ Slammed into G-47 Trooper. 00386_ Destabilizing: Core damaged (-10). 00387_ RCBR1RCJ<%%C2 Map ----- +----------------------------------------------------+ | | | | | | | | | | | | | | | | | | | | | ???????????????????????????????????? | | ???????????????????????????????????? | | ???????????????????????????????????? | | ???????????????????????????????????? | | ???????????????????????????????????? | | ???????????????????????????????????? | | ???????????????????????????????????? | | ???????????????????????????????????? | | ???????????????????????????????????? | | ???????????????????????????????????? | | ???????????????????????????????????? | | ???????????????????????????????????? | | ???????????????# ???????????????? | | ???????????????# ????############ | | ???????????????# ????#g%%# # | | ???????????????# ?? #@%%# # | | ???????????????# """ # % # # | | ???????????????# """ ?+ # " # | | ???????????????# """ ?# #[""" # | | ???????????????# ??#o + """ # | | ????????????####"""""####g g# """ # | | ????????????# g # "" # | | ????????????# g # """ # | | ????????????+ g "# "" # | | ????????????# g # "" # | | ????????????# # " # | | ????????????# + # | | ????????????# ;####### | | ????????????# " ? | | ????????????# " ? | | ???#!! ###### " ? | | ???#!! ? | | ???#!! # "T" # | | ???#!! = # """ # | | ???#!! ###""""""" #####??? | | ???##### ??###"#"#" #??????? | | ??????# [????? #### #??????? | | ????? ! ??????""" #??# #??????? | | ???? ?????? """ #??# +??????? | | ????? ???????""" #??# #??????? | +----------------------------------------------------+ Best States ------------- Heat Dissipation 25 Energy Generation 5 Energy Capacity 100 Matter Stores 300 Matter Capacity 300 Sight Range 16 Terrain Scan Density 10 Evasion (%) 44 Item Schematics ----------------- None Robot Schematics ------------------ None Fabricated ------------ Nothing Repaired ---------- Nothing Studied --------- None Alien Tech Used ----------------- None Achievements -------------- For Emergencies Only I Have A Map? Challenges ------------ None Game ------ Seed TerrorStormPropulsion Manual? 0 Play Time 00:08:03 Cumulative 110.0 hours Start 2026.01.17 @ 22:30:04 End 2026.01.17 @ 22:40:57 Sessions 1 Manual Loads 0 Difficulty Rogue Special Mode None Game No. 151 Rogue 146 Adventurer 5 Explorer 0 Win Type - Total 3 Types 2/0/0/1/0/0/0/0/0/0 Lore% 29 Gallery% 56 Achievement% 29 Wizard Run 0 Options --------- Layout 0 ASCII 0 Keyboard 1 Movement Vi Keybinds 0 Fullscreen 1 Font 24/Smallcaps Map View 38x25 Zoom Use 82% Tactical HUD 1 Map Filters NONE Filters NONE Steam 1 RUN: 5af538ed-31c2-405f-9992-f140ede6dc0b